 Dungeon Crawl Stone Soup version 0.31-a0-833-gc15d34cb79 (webtiles) character file.

Game seed: 16494657454847099557

806 Kurtz the Cleaver (level 7, 0/46 HPs)
             Began as an Octopode Fighter on Sept 25, 2023.
             Was a Follower of Okawaru.
             Shot with an arrow by a centaur (6 damage)
             ... on level 5 of the Dungeon.
             The game lasted 00:03:29 (3374 turns).

Kurtz the Cleaver (Octopode Fighter)                Turns: 3374, Time: 00:03:30

Health: 0/46       AC:  1    Str: 16    XL:     7   Next: 91%
Magic:  7/7        EV: 13    Int: 10    God:    Okawaru [*.....]
Gold:   160        SH:  4    Dex: 13    Spells: 6/6 levels left

rFire   . . .        a - +0 war axe
rCold   . . .        b - +0 buckler
rNeg    . . .        (helmet restricted)
rPois   .            (no amulet)
rElec   .            (no ring)
rCorr   .            (no ring)
SInv    .            (no ring)
Will    .....        (no ring)
Stlth   ++           (no ring)
HPRegen 0.27/turn    (no ring)
MPRegen 0.10/turn    (no ring)
                     (no ring)

%: no passive effects
@: mighty
A: almost no armour, amphibious, 8 rings, camouflage 1, gelatinous body 1,
(nimble swimmer 1), tentacles
a: Renounce Religion, Heroism


You were on level 5 of the Dungeon.
You worshipped Okawaru.
Okawaru was aware of your devotion.
You visited 2 branches of the dungeon, and saw 7 of its levels.

You collected 160 gold pieces.

Inventory:

Hand Weapons
 a - a +0 war axe (weapon)
 l - a +1 mace of distortion
Armour
 b - a +0 buckler (worn)
Scrolls
 e - a scroll of noise {unknown}
 f - 5 scrolls of identify {unknown}
 g - a scroll of amnesia
 h - 4 scrolls of teleportation {unknown}
 k - a scroll of silence {unknown}
 m - a scroll of vulnerability {unknown}
 n - a scroll of acquirement {unknown}
Potions
 d - a potion of haste {unknown}
 i - 6 potions of curing
 j - 2 potions of mutation {unknown}


   Skills:
 + Level 3.2 Fighting
 * Level 8.5 Axes
 + Level 3.1 Dodging
 - Level 3.0 Shields
 * Level 1.2 Invocations


You had 6 spell levels left.
You didn't know any spells.
Your spell library contained the following spells:

 Spells                   Type           Power      Damage    Failure   Level
 Magic Dart               Conj           0%         1d3       43%         1
 Mephitic Cloud           Conj/Pois/Air  0%         N/A       82%         3
 Call Imp                 Summ           Unusable   N/A       N/A         2

Dungeon Overview and Level Annotations

Branches:
Dungeon (6/15)             Temple (1/1) D:4

Altars:
Dithmenos
Elyvilon
Fedhas
Hepliaklqana
Kikubaaqudgha
Makhleb
Nemelex Xobeh
Okawaru
Qazlal
Ru
Trog
Uskayaw
Vehumet
Wu Jian
Xom
Yredelemnul
Zin
The Shining One

Annotations:
D:4 Eustachio


Innate Abilities, Weirdness & Mutations

You cannot wear most types of armour.
You are amphibious.
You can wear up to eight rings at the same time.
Your skin changes colour to match your surroundings (Stealth+).
Your rubbery body absorbs attacks. (AC +1, EV +1)
((You are camouflaged when in or above water. (Stealth+)))
You have tentacles for arms and can constrict up to eight enemies at once.


Message History

You hit the orc wizard. Your grab misses the orc wizard.
Your squeeze misses the orc wizard.
The orc wizard is almost dead.
You hit the orc priest.
The orc priest casts a cantrip, but nothing happens.
The orc wizard barely misses you.
Unknown command.
You barely miss the orc priest. Your grab misses the orc priest.
The orc priest is lightly wounded.
You slash the orc wizard!
You kill the orc wizard!
Okawaru accepts your kill.
The orc priest hits you with a +0 dagger.
* * * LOW HITPOINT WARNING * * *
You barely miss the orc priest. Your grab misses the orc priest.
The orc priest is lightly wounded.
The orc priest begins to cast a cantrip, but forgets the words!
Unknown command.
You barely miss the orc priest. Your grab misses the orc priest.
You squeeze the orc priest!
You kill the orc priest!
Okawaru accepts your kill.
You can now gain great but temporary skills.
Items here: ) [ ††.
You start resting.
A centaur comes into view.
You start resting.
A gnoll is nearby!
A gnoll is nearby!
Items here: ) [ ††.
A gnoll comes into view. It is wielding a +0 whip.
The gnoll shouts!
You hear a shout!
As you read the scroll labelled KYAKELORGHA, it crumbles to dust.
It is a scroll of amnesia.
You feel forgetful for a moment.
The centaur wields a +0 shortbow.
The centaur shoots an arrow.
The arrow hits you!
* * * LOW HITPOINT WARNING * * *
The centaur shoots an arrow.
The arrow hits you.
You die...

..............#
#......
.......>......##
#####.#
...c...........#
#.#
.......##.###.##
#.. ...♣...##.#
.# #.#
...._...#.# #
#.# ...♣......#
#.# .[......))#
#.#
#...=.gg)@###
#.# .........).#
#.. .........###
##. #.......# #.
#.#####.# ####.
#. #.# #...< #.#
##### ###


You could see a centaur and 2 gnolls.

Vanquished Creatures
  Grinder (D:4)
  A water moccasin (D:5)
  4 scorpions
  A hound (D:5)
  2 orc priests (D:5)
  An orc wizard (D:5)
  6 adders
  A dart slug (D:4)
  4 orcs
  6 ball pythons
  2 bats
  5 endoplasms
  6 giant cockroaches
  7 goblins
  9 hobgoblins
  7 jackals (D:2)
  8 quokkas
  5 frilled lizards
  6 kobolds
  5 rats
87 creatures vanquished.

Notes
Turn   | Place    | Note
-------+----------+-------------------------------------------
     0 | D:1      | Kurtz the Octopode Fighter began the quest for the Orb.
     0 | D:1      | Reached XP level 1. HP: 16/16 MP: 1/1
   212 | D:1      | Reached XP level 2. HP: 21/21 MP: 2/2
   279 | D:1      | Reached skill level 3 in Axes
   710 | D:2      | Reached XP level 3. HP: 22/26 MP: 3/3
  1181 | D:2      | Reached skill level 4 in Axes
  1246 | D:2      | Reached XP level 4. HP: 31/31 MP: 4/4
  1571 | D:3      | Found a bloodstained altar of Trog.
  1940 | D:3      | Reached skill level 5 in Axes
  1940 | D:3      | Reached XP level 5. HP: 28/36 MP: 5/5
  2212 | D:4      | Noticed Grinder
  2220 | D:4      | Killed Grinder
  2221 | D:4      | Reached skill level 6 in Axes
  2221 | D:4      | Reached XP level 6. HP: 30/42 MP: 6/6
  2345 | D:4      | Reached skill level 7 in Axes
  2402 | D:4      | Found a glowing silver altar of Zin.
  2409 | D:4      | Reached XP level 7. HP: 42/46 MP: 7/7
  2523 | D:4      | Found a staircase to the Ecumenical Temple.
  2629 | Temple   | Entered the Ecumenical Temple
  2654 | Temple   | Became a worshipper of Warmaster Okawaru
  2751 | D:4      | Noticed Eustachio
  3026 | D:5      | Entered Level 5 of the Dungeon
  3035 | D:5      | Found a shadowy altar of Dithmenos.
  3250 | D:5      | Reached skill level 8 in Axes
  3254 | D:5      | Reached skill level 1 in Invocations
  3310 | D:5      | Found a burning altar of Makhleb.
  3357 | D:5      | Reached * piety under Okawaru
  3374 | D:5      | Shot with an arrow by a centaur

Illustrated notes

Levels and vault maps discovered:
D:1:      saegor_arrival_miasma, layout_loops_ring
D:2:      layout_basic, minmay_worlds_worst_comb
D:3:      layout_basic, lemuel_doored_altar, serial_curves, eino_curves_04,
          eino_curves_03, grunt_decor_one_mirror, kennysheep_cross_room,
          hangedman_decor_peaks_small
D:4:      layout_basic, lemuel_round_altar, minmay_temple_entry_crystal_x,
          kennysheep_small_spiral, uniq_grinder, uniq_ijyb, uniq_eustachio
D:5:      layout_basic, st_stairs_8, hangedman_feature_mirror
D:6:      layout_cave_pods, grunt_gozag_statues, uniq_blork_the_orc,
          uniq_menkaure, uniq_edmund, uniq_prince_ribbit1, uniq_duvessa,
          uniq_sigmund
Temple:   regret_index_temple_sphere_string

Skill      XL: |  1  2  3  4  5  6  7 |
---------------+----------------------+-----
Axes           | 3 4 5 6 7 8 |  8.5
Invocations    | 1 |  1.2
Fighting       | |  3.2
Dodging        | |  3.1
Shields        | |  3.0

Action                     |  1- 3 |  4- 6 |  7- 9 || total
---------------------------+-------+-------+-------++-------
  Melee: War axe           |    72 |    52 |    39 ||   163
         Constrict         |    17 |    13 |     9 ||    39
         Tentacles         |     7 |     9 |    11 ||    27
         Punch             |     1 |     1 |     1 ||     3
    Use: Potion            |       |       |     2 ||     2
         Scroll            |       |       |     1 ||     1
   Stab: Sleeping          |    12 |     5 |       ||    17
 Armour: Skin              |    27 |    17 |    21 ||    65
  Dodge: Dodged            |    41 |    27 |    24 ||    92
  Block: Buckler           |    13 |    11 |     5 ||    29

Table legend: (Time is in decaauts)
 A = Elapsed time spent in this place.
 B = Non-inter-level travel time spent in this place.
 C = Inter-level travel time spent in this place.
 D = Time resting spent in this place.
 E = Time spent auto-exploring this place.
 F = Levels seen in this place.
 G = Mean time per level.
                   A        B        C        D        E       F      G
               +--------+--------+--------+--------+--------+-----+--------+
         Total |   3423 |   3120 |    303 |     80 |   2480 |   7 |  489.0 |
       Dungeon |   3372 |   3119 |    253 |     80 |   2480 |   6 |  562.0 |
        Temple |     50 |      1 |     49 |      0 |      0 |   1 |   50.0 |
               +--------+--------+--------+--------+--------+-----+--------+

Top non-repeatable levels by time:
     D:3: 830 daAuts
     D:2: 783 daAuts
     D:4: 711 daAuts
     D:1: 695 daAuts
     D:5: 340 daAuts
  Temple: 50 daAuts
     D:6: 10 daAuts
